 Dungeon Crawl Stone Soup version 0.20.1-1-g8b1a95d (webtiles) character file.

4473 VirginKiller the Grappler (level 9, -9/67 HPs)
             Began as a Demigod Gladiator on Oct 11, 2017.
             Mangled by Erica
             ... wielding a +2 scimitar of flaming
              (10 damage)
             ... on level 8 of the Dungeon.
             The game lasted 00:44:44 (4649 turns).

VirginKiller the Grappler (Demigod Gladiator)       Turns: 4649, Time: 00:44:45

Health: -9/67      AC: 13    Str: 24 (26) XL:     9   Next: 94%
Magic:  11/11      EV: 16    Int: 10 (12) God:
Gold:   362        SH:  0    Dex: 21 (22) Spells: 8/8 levels left

rFire    . . .     SeeInvis +     - Unarmed
rCold    . . .     Gourm    .   (no shield)
rNeg     + . .     Faith    .   o - +0 pearl dragon scales
rPois    .         Spirit   .   b - +0 helmet
rElec    .         Reflect  .   p - +0 cloak
rCorr    .         Harm     .   h - +0 pair of gloves
MR       .....                  (no boots)
Stlth    +.........             e - amulet of regeneration
Regen    0.7/turn               g - ring of see invisible
MPRegen  0.2/turn               a - +3 ring of strength

@: agile, lethally poisoned (-9 -> -11), slowed, very slow
A: blink, high mp 1, sense surroundings 1
a: Blink


You were on level 8 of the Dungeon.
You were not hungry.

You visited 2 branches of the dungeon, and saw 9 of its levels.

You collected 362 gold pieces.

Inventory:

Missiles
 c - a throwing net (quivered)
Armour
 b - a +0 helmet (worn)
 h - a +0 pair of gloves (worn)
 o - +0 pearl dragon scales (worn)
 p - a +0 cloak (worn)
 v - a +2 scale mail of cold resistance
Jewellery
 a - a +3 ring of strength (right hand)
 e - an amulet of regeneration (around neck)
 g - a ring of see invisible (left hand)
 s - an uncursed ring of fire
Wands
 w - a wand of clouds (0/9)
 x - a wand of flame (2/48)
 y - a wand of random effects (0/48)
 z - a wand of paralysis (1/24)
 B - a wand of acid (3/15)
Scrolls
 j - a scroll of magic mapping {unknown}
 m - 3 scrolls of remove curse
Potions
 f - 3 potions of brilliance
 q - a potion of agility
 A - a potion of flight
Comestibles
 d - 4 bread rations
 k - 6 royal jellies
 n - 2 fruits
 r - 6 meat rations
 u - 6 chunks of flesh


   Skills:
 - Level 1.7 Fighting
 - Level 1.7 Throwing
 - Level 2.6 Dodging
 * Level 13.4 Unarmed Combat


You had 8 spell levels left.
You didn't know any spells.

Dungeon Overview and Level Annotations

Branches:
Dungeon (8/15)             Temple (0/1) D:5            Lair (1/6) D:8

Annotations:
D:5 strange small level. needed somee digging
D:8 Erica


Innate Abilities, Weirdness & Mutations

You have an increased reservoir of magic. (+10% MP)
You can translocate small distances at will.
You passively map a small area around you.


Message History

You are poisoned.
* * * LOW HITPOINT WARNING * * *
You punch Erica!
Erica is severely wounded.
You feel sick.
Erica hits you with a scimitar of flaming.
* * * LOW HITPOINT WARNING * * *
Erica burns you.
* * * LOW HITPOINT WARNING * * *
Erica hits you but does no damage.
You hit Erica but do no damage.
Erica is severely wounded.
* * * LOW HITPOINT WARNING * * *
You feel sick. Erica hits you but does no damage.
You barely miss Erica.
Erica is severely wounded.
* * * LOW HITPOINT WARNING * * *
You feel sick.
Erica hits you with a scimitar of flaming!
You die...

. #.........# #...# .
#.........# ##### ..
#.........# **
#......(..#
...........##########
...............%....##
##.....................##
#.....#................[#
........##.....@@.......#
.#......##..............#
.#......##..............#
........##..............#
........###............##
##......[.†.....<..)..##
#.........############
#......##.# #......##.##


You could see Erica (invisible).

Vanquished Creatures
  A two-headed ogre (D:8)
  Pikel (D:8)
  A komodo dragon (Lair:1)
  The ghost of geeseburger the Covered, an amateur BaFi (D:4)
  A hippogriff (D:7)
  Sigmund (D:2)
  A hungry ghost (D:5)
  A porcupine (D:8)
  Duvessa (D:7)
  3 orc warriors
  2 ice beasts
  2 black bears (D:8)
  2 phantoms
  2 ogres (D:3)
  2 centaurs
  A crocodile (Lair:1)
  5 bullfrogs
  A scorpion (D:7)
  Dowan (D:7)
  2 crimson imps (D:7)
  A jelly (D:6)
  Crazy Yiuf (D:7)
  7 orc priests
  2 iguanas
  Ijyb (D:3)
  5 orc wizards
  3 worker ants
  2 howler monkey zombies (D:8)
  A howler monkey skeleton (D:5)
  7 adders
  A shadow imp (D:7)
  2 oozes (D:2)
  An adder skeleton (D:7)
  4 worms
  2 dart slugs
  2 leopard geckos
  18 orcs
  2 ball pythons
  7 bats
  3 giant cockroaches
  6 goblins
  8 hobgoblins
  13 jackals
  3 quokkas
  5 frilled lizards
  4 kobolds
  4 rats
147 creatures vanquished.

Vanquished Creatures (collateral kills)
  2 gnolls (D:7)
2 creatures vanquished.

Vanquished Creatures (others)
  4 slaves (D:8)
  An orc wizard (D:8)
  2 plants (D:8)
7 creatures vanquished.

Grand Total: 156 creatures vanquished

Notes
Turn   | Place    | Note
-------+----------+-------------------------------------------
     0 | D:1      | VirginKiller the Demigod Gladiator began the quest for the Orb.
     0 | D:1      | Reached XP level 1. HP: 17/17 MP: 3/3
   109 | D:1      | Reached skill level 3 in Unarmed Combat
   240 | D:1      | Reached XP level 2. HP: 24/24 MP: 4/4
   868 | D:2      | Reached skill level 4 in Unarmed Combat
   868 | D:2      | Reached XP level 3. HP: 28/29 MP: 5/5
  1078 | D:2      | Noticed Sigmund
  1373 | D:2      | Killed Sigmund
  1373 | D:2      | Reached skill level 5 in Unarmed Combat
  1373 | D:2      | Reached XP level 4. HP: 28/36 MP: 6/6
  1373 | D:2      | Reached XP level 5. HP: 32/41 MP: 7/7
  1547 | D:3      | Noticed an ogre
  1562 | D:3      | Killed an ogre
  1562 | D:3      | Reached skill level 6 in Unarmed Combat
  1713 | D:3      | Reached XP level 6. HP: 48/48 MP: 8/8
  1859 | D:3      | Noticed Ijyb
  1879 | D:3      | Killed Ijyb
  2030 | D:3      | Reached skill level 7 in Unarmed Combat
  2553 | D:4      | Noticed geeseburger's ghost (amateur BaFi)
  2565 | D:4      | Killed geeseburger's ghost
  2565 | D:4      | Reached skill level 8 in Unarmed Combat
  2565 | D:4      | Reached XP level 7. HP: 53/53 MP: 9/9
  2826 | D:5      | Entered Level 5 of the Dungeon
  2884 | D:5      | Noticed a hungry ghost
  2907 | D:5      | Killed a hungry ghost
  3008 | D:5      | Found a staircase to the Ecumenical Temple.
  3072 | D:5      | Reached skill level 9 in Unarmed Combat
  3128 | D:6      | You fall through a shaft for 2 floors!
  3148 | D:8      | Noticed Pikel
  3166 | D:8      | Reached XP level 8. HP: 60/60 MP: 10/10
  3174 | D:8      | Reached skill level 10 in Unarmed Combat
  3187 | D:8      | Killed Pikel
  3187 | D:8      | Reached skill level 11 in Unarmed Combat
  3246 | D:7      | Noticed Duvessa
  3246 | D:7      | Noticed Dowan
  3251 | D:7      | Noticed a hippogriff
  3259 | D:7      | Killed Dowan
  3266 | D:7      | Killed a hippogriff
  3584 | D:6      | Reached XP level 9. HP: 41/67 MP: 11/11
  3946 | D:7      | Found a runed door.
  3950 | D:7      | Noticed Crazy Yiuf
  3957 | D:7      | Killed Crazy Yiuf
  4054 | D:7      | Reached skill level 12 in Unarmed Combat
  4178 | D:7      | Killed Duvessa
  4350 | D:8      | Noticed a two-headed ogre
  4395 | D:8      | Killed a two-headed ogre
  4395 | D:8      | Reached skill level 13 in Unarmed Combat
  4414 | D:8      | Noticed Erica
  4449 | D:8      | Found a staircase to the Lair.
  4463 | Lair:1   | Entered Level 1 of the Lair of Beasts
  4468 | Lair:1   | Noticed a komodo dragon
  4479 | Lair:1   | Killed a komodo dragon
  4514 | Lair:1   | Noticed a spiny frog
  4627 | D:8      | Gained mutation: You can translocate small distances at will. [potion of mutation]
  4627 | D:8      | Gained mutation: You passively map a small area around you. [potion of mutation]
  4647 | D:8      | HP: 2/67 [Erica/scimitar of flaming (2)]
  4649 | D:8      | Mangled by Erica

Skill      XL: |  1  2  3  4  5  6  7  8  9 |
---------------+----------------------------+-----
Unarmed Combat | 3 4 5 6 8 9 11 13 | 13.4
Fighting       | |  1.7
Throwing       | |  1.7
Dodging        | |  2.6

Action                   |  1- 3 |  4- 6 |  7- 9 || total
-------------------------+-------+-------+-------++-------
Melee: Unarmed           |   154 |   155 |   257 ||   566
       Punch             |     3 |     5 |     9 ||    17
Throw: Throwing net      |     3 |     1 |     2 ||     6
       Tomahawk          |       |       |     4 ||     4
 Abil: Blink             |       |       |     1 ||     1
Evoke: Wand              |       |     2 |    26 ||    28
  Use: Potion            |     6 |     1 |     9 ||    16
       Scroll            |       |       |    13 ||    13
 Stab: Held in net/web   |       |     2 |     1 ||     3
       Confused          |       |       |     4 ||     4
  Eat: Chunk             |     1 |     4 |    12 ||    17
       Fruit             |       |     1 |       ||     1
Armor: Leather armour    |    32 |     1 |       ||    33
       Plate armour      |       |    89 |    62 ||   151
       Skin              |       |       |   132 ||   132
       Pearl dragon scal |       |       |    36 ||    36
Dodge: Dodged            |    79 |    40 |   117 ||   236
